 Dungeon Crawl Stone Soup version 0.17-a0-1442-g10bb59b (webtiles) character file.

99 HEYYEYAAE the Gusty (level 5, -5/37 HPs)
             Began as a Human Air Elementalist on June 27, 2015.
             Slain by Grinder (6 damage)
             ... on level 3 of the Dungeon.
             The game lasted 00:04:24 (2796 turns).

HEYYEYAAE the Gusty (Human Air Elementalist)        Turns: 2796, Time: 00:04:24

Health: -5/37      AC:  2    Str:  8    XL:     5   Next: 2%
Magic:  3/9        EV: 13    Int: 16    God:
Gold:   160        SH:  0    Dex: 14    Spells: 3 memorised, 3 levels left

rFire  . . .     SeeInvis .     f - +0 dagger
rCold  . . .     Clarity  .     a - +0 robe
rNeg   . . .     SustAt   .     (no shield)
rPois  .         Gourm    .     (no helmet)
rElec  .         Spirit   .     (no cloak)
rCorr  .         Warding  .     (no gloves)
rMut   .         Stasis   .     (no boots)
MR     .....                    (no amulet)
Stlth  ++........               (no ring)
                                (no ring)

@: flying, very slightly contaminated, invisible, not resistant to hostile
enchantments, unstealthy
A: no striking features
a: no special abilities


You were on level 3 of the Dungeon.
You were very hungry.

You visited 1 branch of the dungeon, and saw 3 of its levels.

You collected 160 gold pieces.

Inventory:

Hand weapons
 f - a +0 dagger (weapon)
Armour
 a - a +0 robe (worn)
 h - a +0 ring mail
Scrolls
 d - 2 scrolls of teleportation {unknown}
 e - a scroll of enchant weapon {unknown}
 g - a scroll of amnesia {unknown}
 i - 2 scrolls of magic mapping {unknown}
 j - a scroll of noise {unknown}
 k - 2 scrolls of enchant armour {unknown}
 l - a scroll of identify {unknown}
 p - a scroll of immolation {unknown}
Books
 b - a book of Air

   Spells                             Type                      Level
   a - Shock                          Conjuration/Air              1
   b - Swiftness                      Charms/Air                   2
   c - Repel Missiles                 Charms/Air                   2
   d - Static Discharge               Conjuration/Air              3
   e - Lightning Bolt                 Conjuration/Air              5
 o - a book of Ice

   Spells                             Type                      Level
   a - Ice Form                       Ice/Transmutation            4
   b - Metabolic Englaciation         Hexes/Ice                    5
   c - Ozocubu's Refrigeration        Ice                          6
   d - Bolt of Cold                   Conjuration/Ice              6
   e - Freezing Cloud                 Conjuration/Ice/Air          6
   f - Simulacrum                     Ice/Necromancy               6
Comestibles
 c - a meat ration


   Skills:
 + Level 1.6 Fighting
 + Level 1.2 Armour
 + Level 2.4 Dodging
 - Level 2.0 Stealth
 * Level 2.7 Spellcasting
 - Level 1.0 Conjurations
 * Level 3.7 Air Magic


You had 3 spell levels left.
You knew the following spells:

 Your Spells              Type           Power        Failure   Level  Hunger
a - Shock                 Conj/Air       #...         10%         1    #......
b - Static Discharge      Conj/Air       #.......     21%         3    ###....
c - Repel Missiles        Chrm/Air       #.....       14%         2    ##.....


Dungeon Overview and Level Annotations

Branches:
Dungeon (3/15)

Altars:
Trog

Annotations:
D:3 Grinder


Message History

[Y]es or [N]o only, please.
That beam is likely to hit you.
Continue anyway? [Y]es or [N]o only, please.
That beam is likely to hit you.
Continue anyway?
Okay, then.
Unknown command.
Drink which item? (? for menu, Esc to quit)
It was a potion of flight.
You feel very buoyant.
You fly up into the air.
Grinder hits you.
* * * LOW HITPOINT WARNING * * *
You writhe in agony.
* * * LOW HITPOINT WARNING * * *
Drink which item? (? for menu, Esc to quit)
It was a potion of invisibility.
You fade into invisibility!
Grinder hits you.
* * * LOW HITPOINT WARNING * * *
You writhe in agony.
You die...

.###
#....######...###########...
..>####..### ##.## #...
...........## #..# #...
.#######....# #.## ##..
.#### ##...####.# #..# .[..#
##....#..# #.## ###..##
##.#....# ##.#
.....##.##...# #..# #
#........@##### ##.##
###..##.##.5....### ###..# #
#..... #..##...#...###...##
# ##..##.
##..###.###..##.#..# ##...#
## ##†# #..###....#..## ...#
###.# ##...)........# ..##
.....###(###..##....## ..##
#....<...##.##......
...#######
#....###..#..##..##.


You could see Grinder.

Vanquished Creatures
  2 adders
  An ooze (D:1)
  3 worms
  3 orcs (D:3)
  9 goblins
  8 hobgoblins
  4 kobolds
  2 quokkas
  6 bats
  3 giant cockroaches
  2 giant geckos
  3 giant newts
  10 jackals
  5 rats
61 creatures vanquished.

Notes
Turn   | Place    | Note
--------------------------------------------------------------
     0 | D:1      | HEYYEYAAE the Human Air Elementalist began the quest for the Orb.
     0 | D:1      | Reached XP level 1. HP: 13/13 MP: 3/3
    22 | D:1      | Reached XP level 2. HP: 8/20 MP: 0/5
   398 | D:1      | Reached XP level 3. HP: 22/25 MP: 3/6
   438 | D:1      | Reached skill level 1 in Fighting
   876 | D:1      | Learned a level 3 spell: Static Discharge
   879 | D:1      | Learned a level 2 spell: Repel Missiles
   943 | D:2      | HP: 1/26 [worm (9)]
  1350 | D:2      | Reached XP level 4. HP: 22/32 MP: 4/7
  1857 | D:2      | Reached skill level 1 in Armour
  2351 | D:3      | Found a bloodstained altar of Trog.
  2651 | D:3      | Noticed Grinder
  2657 | D:3      | Paralysed by Grinder for 7 turns
  2695 | D:3      | Reached XP level 5. HP: 24/37 MP: 1/9
  2796 | D:3      | HP: 1/37 [Grinder (6)]
  2796 | D:3      | Slain by Grinder

Vault maps used:
D:1:      saegor_arrival_simple_f
D:3:      bloody_trog, uniq_grinder

Action                   |  1- 3 |  4- 6 || total
-------------------------+-------+-------++-------
Melee: Unarmed           |    18 |       ||    18
       Dagger            |    59 |    24 ||    83
 Cast: Shock             |    63 |    71 ||   134
       Repel Missiles    |     1 |       ||     1
  Use: Potion            |     2 |     2 ||     4
 Stab: Sleeping          |     1 |       ||     1
  Eat: Chunk             |     2 |       ||     2
       Bread ration      |       |     1 ||     1
